AoeStats
← cdlm

Arena

509705664Analyzed
1v1 RM · 5d ago on Sep 27, 2026· 42m 32s· 2 players
Game mode
Random Map
Map size
Tiny (2 player)
Population
200
Speed
Normal
Resources
Standard
Victory
Conquest
Starting age
Dark Age
Ending age
Imperial Age
RankedLock teamsTeams togetherTeam positionsShared explorationLock speedFull tech treeHidden civsTurbo modeCheats
Victory
Defeat
🇦🇹 Poles · Austria
675
+18
🇨🇱 Vietnamese · Chile
719
-18
jNad21
5:18 Loom
5:46 Loom
11:48 Feudal Age
16:31 Castle Age
14:55 Double-Bit Axe
15:56 Horse Collar
20:05 Heavy Plow
21:03 Bloodlines
20:54 Husbandry
23:06 Light Cavalry
24:39 Scale Barding Armor
30:50 Scale Mail Armor
31:13 Chain Barding Armor
32:39 Gold Mining
34:08 Forging
34:13 Chain Mail Armor
36:33 Iron Casting
41:10 Wheelbarrow
cdlm
4:59 Loom
9:55 Feudal Age
10:50 Town Watch
12:52 Double-Bit Axe
14:13 Horse Collar
15:01 Gold Mining
18:09 Castle Age
17:54 Stone Mining
18:35 Pikeman
21:01 Stone Shaft Mining
21:04 Bow Saw
21:39 Padded Archer Armor
22:02 Crossbowman
23:24 Heavy Plow
28:57 Wheelbarrow
30:30 Ballistics
31:33 Hand Cart
31:21 Town Patrol
34:20 Leather Archer Armor
33:56 Fletching
35:16 Thumb Ring
35:27 Bodkin Arrow
38:18 Imperial Age
40:53 Chemistry
39:17 Elite Rattan Archer
39:58 Chatras
41:47 Halberdier
Connection lost

Rejoining the realm…

Still unreachable

The connection could not be restored.

Session expired

The server has moved on; the page needs a fresh start.